Map: Nightshade LE

Players

prospeKt - Winner!

  • Race: Zerg Zerg
  • League: Platinum
  • Spawn Location: 5:00

VOD

Have the link to the VOD?

Description

Time

  • Played on: May 26, 2020, 3:33 a.m.
  • Length: 15:32
Show
View Real Time Build Order
Export as new Build Order

prospeKt Zerg - Winner!

Build Orders:  

Get SALT Encoding   

  12  0:02  Drone  
  13  0:18  Overlord  
  13  0:27  Drone  
  14  0:44  Drone x2  
  16  0:55  Drone  
  17  1:13  Hatchery  
  17  1:18  Drone  
  17  1:23  Drone  
  18  1:41  Spawning Pool  
  18  1:46  Drone  
  18  1:51  Extractor  
  18  1:53  Drone  
  18  2:04  Drone  
  19  2:19  Overlord  
  19  2:36  Drone  
  20  2:52  Drone  
  21  3:00  Queen  
  21  3:01  Queen  
  21  3:03  Drone  
  26  3:17  Drone x2  
  28  3:25  Drone  
  28  3:27  Drone  
  30  3:37  Drone  
  31  3:47  Drone  
  32  3:57  Hatchery  
  32  3:58  Drone  
  32  3:59  Drone  
  33  4:04  Drone  
  33  4:09  Overlord  
  34  4:20  Drone  
  34  4:28  Roach Warren  
  34  4:32  Evolution Chamber  
  34  4:34  Drone  
  34  4:42  Drone x4  
  34  4:44  Overlord  
  34  4:46  Overlord  
  34  4:48  Drone  
  39  4:56  Drone x2  
  41  5:04  Extractor  
  41  5:05  Extractor  
  39  5:10  Drone x2  
  41  5:23  Drone  
  42  5:35  Drone x2  
  44  5:40  Roach  
  44  5:41  Roach  
  44  5:48  Roach  
  50  5:50  Roach  
  50  5:51  Roach x2  
  50  5:54  Roach x2  
  50  5:55  Drone x2  
  62  6:06  Drone x2  
  64  6:23  Drone x2  
  64  6:25  Overlord x2  
  66  6:50  Queen  
  66  6:55  Drone x2  
  66  6:56  Drone x7  
  77  7:11  Lair  
  77  7:12  Drone x2  
  77  7:13  Drone x3  
  82  7:35  Overlord x3  
  82  7:52  Extractor  
  82  7:58  Extractor  
  80  8:01  Drone x2  
  80  8:02  Drone x4  
  80  8:09  Hatchery  
  85  8:23  Drone  
  85  8:24  Drone x5  
  85  8:25  Drone x3  
  94  8:40  Drone  
  94  8:49  Hydralisk Den  
  94  8:52  Evolution Chamber  
  94  8:53  Hatchery  
  92  9:02  Overlord  
  92  9:10  Drone x2  
  92  9:11  Drone x6  
  100  9:52  Drone x3  
  100  9:53  Drone x4  
  107  10:11  Overlord  
  107  10:12  Overlord x3  
  107  10:15  Hydralisk x2  
  111  10:20  Zerg Melee Weapons Level 1  
  111  10:25  Zerg Missile Weapons Level 1  
  111  10:29  Glial Reconstitution  
  111  10:50  Hydralisk  
  111  10:51  Hydralisk x8  
  129  11:06  Hydralisk  
  129  11:07  Hydralisk x7  
  145  11:22  Extractor  
  144  11:59  Unknown  
  144  12:01  Hydralisk  
  144  12:02  Hydralisk x2  
  144  12:04  Overlord x3  
  144  12:05  Overlord x2  
  144  12:06  Hatchery  
  144  12:07  Hatchery  
  148  12:11  Extractor  
  147  12:33  Overlord  
  147  12:35  Hydralisk x3  
  147  12:36  Hydralisk x8  
  147  12:37  Hydralisk x2  
  173  12:45  Tunneling Claws  
  173  13:06  Infestation Pit  
  173  13:08  Hydralisk  
  173  13:09  Hydralisk x5  
  184  13:10  Hydralisk x7  
  198  13:41  Overlord  
  198  14:31  Unknown  
Tags
 
Add a new tag
Caveats
  • Supply blocks, unpowered buildings, or Contaminate may cause inaccurate times.
  • Supply counts are checked every 10 seconds.